 Dungeon Crawl Stone Soup version 0.30-a0-422-g946f4849ff (webtiles) character file.

Game seed: 15543746559371980864

2 flotson the Sneak (level 1, 0/18 HPs)
             Began as a Demonspawn Delver on Dec 8, 2022.
             Succumbed to a water moccasin's poison
             ... in an ossuary.
             The game lasted 00:00:35 (98 turns).

flotson the Sneak (Demonspawn Delver)                 Turns: 98, Time: 00:00:35

Health: 0/18       AC:  3    Str: 12    XL:     1   Next: 25%
Magic:  1/1        EV: 11    Int: 11    God:
Gold:   9          SH:  0    Dex: 14    Spells: 0/0 levels left

rFire   . . .      SeeInvis .    a - +0 hand axe
rCold   . . .      Faith    .    (no shield)
rNeg    . . .      Spirit   .    b - +0 leather armour
rPois   .          Reflect  .    (no helmet)
rElec   .          Harm     .    (no cloak)
rCorr   .          Rampage  .    (no gloves)
Will    .....                    (no boots)
Stlth   ++........               (no amulet)
HPRegen 0.23/turn                (no ring)
MPRegen 0.07/turn                (no ring)

@: lethally poisoned (0 -> -5), hasted, very quick
A: no striking features
a: no special abilities


You were in an ossuary.
You visited 1 branch of the dungeon, and saw 1 of its levels.
You also visited: Ossuary.

You collected 9 gold pieces.

Inventory:

Hand Weapons
 a - a +0 hand axe (weapon)
Armour
 b - a +0 leather armour (worn)
Wands
 g - a wand of digging (3)
Scrolls
 c - a scroll of fog
 d - a scroll of magic mapping
 e - a scroll of fear
 h - a scroll of noise {unknown}
Potions
 f - a potion of haste


   Skills:
 + Level 3.0 Fighting
 - Level 1.7 Axes
 + Level 0.1 Armour
 + Level 1.8 Dodging
 + Level 4.5 Stealth
 + Level 0.1 Evocations


You couldn't memorise any spells.
You didn't know any spells.
Your spell library was empty.

Dungeon Overview and Level Annotations

Branches:
Dungeon (5/15)            Ossuary (1/1)
 Temple: D:4-7

Altars:


Message History

Found a scroll labelled LICROFR ZYUWNON.
Found a stone staircase leading down.
The orc shouts!
You slash the orc!
You kill the orc!
h - a scroll labelled YRIS KULETOM You now have 9 gold pieces.
You see here a +0 hand axe.
A water moccasin comes into view.
Found a robe.
The water moccasin hisses angrily.
You hear an angry hiss.
You feel yourself speed up.
An adder comes into view.
You open the door. The water moccasin bites you!
You are lethally poisoned!
The water moccasin poisons you!
Found a sand-covered staircase.
You feel very sick.
There is an open door here.
You feel sick.
* * * LOW HITPOINT WARNING * * *
You feel sick.
There is a sand-covered staircase here.
* * * LOW HITPOINT WARNING * * *
You feel sick.
The world spins around you as you enter the gateway.
You enter an ossuary!
* * * LOW HITPOINT WARNING * * *
You feel sick.
Found eleven items.
There is an empty arch of ancient stone here.
Okay, then.
There is a lethal amount of poison in your body!
There is a lethal amount of poison in your body!
* * * LOW HITPOINT WARNING * * *
You feel sick.
* * * LOW HITPOINT WARNING * * *
You feel sick.
There is an empty arch of ancient stone here.
You die...

##### ####
#...#!!??#
+.∩@#![$!+
#...#!!!!#
##### ####


There were no monsters in sight!

Vanquished Creatures
  An orc (D:5)
1 creature vanquished.

Notes
Turn   | Place    | Note
-------+----------+-------------------------------------------
     0 | D:5      | flotson the Demonspawn Delver began the quest for the Orb.
     0 | D:5      | Reached XP level 1. HP: 18/18 MP: 1/1
    33 | D:5      | Noticed an ogre
    78 | D:5      | Noticed a water moccasin
    90 | D:5      | Found a sand-covered staircase.
    95 | Ossuary  | Entered an ossuary
    98 | Ossuary  | Succumbed to a water moccasin's poison

Illustrated notes

Levels and vault maps discovered:
D:5:      layout_layer_cave, gammafunk_ghost_cemetery, enter_ossuary_2,
          minmay_manual_moon
Ossuary:  ossuary_tomb_2

Action                   || total
-------------------------++-------
Melee: Hand axe          ||     1
  Use: Potion            ||     1

Table legend: (Time is in decaauts)
 A = Elapsed time spent in this place.
 B = Non-inter-level travel time spent in this place.
 C = Inter-level travel time spent in this place.
 D = Time resting spent in this place.
 E = Time spent auto-exploring this place.
 F = Levels seen in this place.
 G = Mean time per level.
                   A        B        C        D        E       F      G
               +--------+--------+--------+--------+--------+-----+--------+
         Total |     92 |     92 |      0 |      0 |     33 |   2 |   46.0 |
       Dungeon |     90 |     90 |      0 |      0 |     33 |   1 |   90.0 |
       Ossuary |      1 |      1 |      0 |      0 |      0 |   1 |    1.0 |
               +--------+--------+--------+--------+--------+-----+--------+

Top non-repeatable levels by time:
     D:5: 90 daAuts
 Ossuary: 1 daAuts
